 Dungeon Crawl Stone Soup version 0.18-b1-18-g7758cf2 (webtiles) character file.

11001 Wooh the Nimble (level 11, -1/99 HPs)
             Began as a Green Draconian Fighter on May 1, 2016.
             Was an Elder of Dithmenos.
             Slain by a porcupine (11 damage)
             ... on level 11 of the Dungeon on May 2, 2016.
             The game lasted 01:01:18 (10404 turns).

Wooh the Nimble (Green Draconian Fighter)          Turns: 10404, Time: 01:01:19

Health: -1/99      AC: 10    Str: 27    XL:     11   Next: 43%
Magic:  11/11      EV: 18    Int:  9    God:    Dithmenos [****..]
Gold:   452        SH: 12    Dex: 13    Spells: 0 memorised, 10 levels left

rFire  . . .     SeeInvis .     H - +9 whip of Annihilation {venom, Fragile +Inv rElec Str+8}
rCold  . . .     Gourm    .     (armour unavailable)
rNeg   . . .     Faith    .     q - +2 shield
rPois  +         Spirit   .     (helmet restricted)
rElec  +         Dismiss  +     C - +0 cloak
rCorr  +         Reflect  .     (no gloves)
SustAt .         Harm     .     K - +1 pair of boots
MR     .....                    B - amulet of dismissal (curse)
Stlth  ++........               (no ring)
                                F - ring of resist corrosion

@: lethally poisoned (-1 -> -4), short of breath, wreathed by umbra, not
resistant to hostile enchantments, unstealthy
A: breathe noxious fumes, unfitting armour, poison resistance, cold-blooded, AC
+7
a: Breathe Noxious Fumes, Shadow Step, Renounce Religion, Evoke Invisibility


You were on level 11 of the Dungeon.
You worshipped Dithmenos.
Dithmenos was greatly pleased with you.
You were very hungry.

You visited 1 branch of the dungeon, and saw 12 of its levels.
You also visited: Sewer.

You collected 452 gold pieces.

Inventory:

Hand Weapons
 b - the cursed +1 arbalest "Rum Soic" {venom, Int+3, unknown}
   (You found it on level 10 of the Dungeon)

   It poisons the ammo it fires.
   It affects your intelligence (+3).
   It has a curse placed upon it.
 H - the +9 whip of Annihilation (weapon) {venom, Fragile +Inv rElec Str+8}
   (You found it on level 6 of the Dungeon)

   It poisons the flesh of those it strikes.
   It affects your strength (+8).
   It insulates you from electricity.
   It lets you turn invisible.
   It will be destroyed if unequipped.
 Q - a +0 blowgun
 R - a +1 rapier of draining
 T - a +0 shortbow
Missiles
 y - 77 arrows
 A - 28 bolts
 J - 7 tomahawks (quivered)
 N - 23 poisoned needles
 O - 3 needles of confusion
 X - 4 needles of sleeping
Armour
 q - a +2 shield (worn)
 C - a +0 cloak (worn)
 K - a +1 pair of boots (worn)
Jewellery
 B - a cursed amulet of dismissal (around neck)
 F - a ring of resist corrosion (left hand)
Wands
 P - a wand of teleportation (4/9)
 V - a wand of iceblast (4/15)
Scrolls
 e - 2 scrolls of amnesia {unknown}
 f - 2 scrolls of enchant weapon
 h - 6 scrolls of remove curse
 i - 4 scrolls of fog
 j - 2 scrolls of blinking
 k - 12 scrolls of teleportation
 r - 4 scrolls of magic mapping {unknown}
 s - a scroll of recharging {unknown}
 u - a scroll of enchant armour {unknown}
 w - 4 scrolls of random uselessness {unknown}
 D - a scroll of acquirement {unknown}
 S - 2 scrolls of fear {unknown}
 Y - a scroll of vulnerability {unknown}
Potions
 c - 3 potions of might
 l - 3 potions of haste
 n - 5 potions of agility
 o - a potion of cure mutation {unknown}
 p - a potion of curing {unknown}
 t - 2 potions of flight {unknown}
 v - a potion of invisibility {unknown}
 z - a potion of berserk rage {unknown}
 E - 2 potions of mutation {unknown}
 G - 3 potions of resistance {unknown}
 I - 2 potions of heal wounds
 L - a potion of ambrosia {unknown}
 U - a potion of magic {unknown}
Comestibles
 d - 8 bread rations
 g - 8 fruits
 m - a meat ration


   Skills:
 - Level 10.1 Fighting
   Level 2.0 Long Blades
 + Level 14.3 Dodging
 - Level 3.0 Shields


You had 10 spell levels left.
You didn't know any spells.

Dungeon Overview and Level Annotations

Branches:
Dungeon (12/15)            Temple (0/1) D:5            Lair (0/8) D:11
    Orc (0/2) D:11

Altars:
Dithmenos
Elyvilon
Kikubaaqudgha
Nemelex Xobeh
Qazlal
Ru
Trog
The Shining One

Annotations:
D:3 barb4r1an's ghost, amateur GrFi
D:11 Gastronok; Urug


Innate Abilities, Weirdness & Mutations

You can breathe blasts of noxious fumes.
Your lurid green scales are hard (AC +7).
Your body does not fit into most forms of armour.
Your system is resistant to poisons.
You are cold-blooded and may be slowed by cold attacks.


Message History

You feel sick.
The river rat barely misses the orc priest.
You block the green ugly thing's attack.
You whack the green ugly thing!
You kill the green ugly thing!
Dithmenos accepts your kill.
You feel sick.
The orc warrior no longer looks unusually strong.
The river rat completely misses the orc.
You whack the river rat!
You kill the river rat!
Dithmenos accepts your kill.
You feel sick. The orc completely misses you.
The orc knight roars a battlecry!
The orcs go into a battle-frenzy!
You whack the orc!
You kill the orc!
Dithmenos accepts your kill.
You feel sick. The porcupine bites you!
You die...

..######### #...P..o.Y
.#...... ... #..P..oP♣
........##.###......♣♣>
#.##.. .........o.....
#.##.# .##o##.o.......P
#.##.##.##.o..th...P♣r.
#...........#.oor......
###...#####o##r##P....u
#>..# #@##r# ....P #...#
#r##†# .##... #...#
#r##)##.# ## #### #[..#
#o..)...#
.÷.#####..[#####oo..o..#
.................##.##.####
#..........................
#.....[...........#..#.##.#
....####...###.#(.#..#.# #


You could see an orc knight, Urug, an orc warrior, a porcupine, 2 orc priests,
an orc and a quokka.

Vanquished Creatures
  A hill giant (D:6)
  2 cyclopes (D:11)
  A griffon (D:9)
  2 ugly things (D:11)
  Psyche (D:11)
  A troll (D:8)
  A two-headed ogre (D:8)
  A wraith (D:8)
  A wyvern (D:11)
  2 hippogriffs
  A steam dragon (D:10)
  16 yaks
  Duvessa (D:7)
  4 orc warriors
  2 porcupines (D:11)
  2 sky beasts
  2 eyes of draining (D:3)
  A black bear (D:11)
  5 ogres
  3 centaurs
  3 phantoms
  2 crocodiles (D:11)
  4 giant frogs
  Dowan (D:7)
  3 scorpions
  10 killer bees
  7 wights
  2 howler monkeys (D:8)
  A crimson imp (D:7)
  A giant frog zombie (D:7)
  10 hounds
  A quasit (D:7)
  3 jellies
  9 orc wizards
  6 orc priests
  5 giant frog skeletons
  2 iguanas
  9 worker ants
  3 worker ant zombies
  4 gnolls (D:3)
  16 adders
  A river rat (D:11)
  3 shadow imps
  2 oozes
  An adder skeleton (D:7)
  2 worms
  2 dart slugs (D:1)
  5 giant geckos
  39 orcs
  14 bats
  5 giant cockroaches
  10 goblins
  5 hobgoblins
  16 jackals
  6 quokkas
  3 ball pythons
  A giant gecko skeleton (D:8)
  6 giant newts
  A jackal skeleton (D:4)
  12 kobolds
  12 rats
298 creatures vanquished.

Vanquished Creatures (others)
  5 plants (D:11)
  4 toadstools (D:1)
9 creatures vanquished.

Grand Total: 307 creatures vanquished

Notes
Turn   | Place    | Note
--------------------------------------------------------------
     0 | D:1      | Wooh the Draconian Fighter began the quest for the Orb.
     0 | D:1      | Reached XP level 1. HP: 19/19 MP: 1/1
    80 | D:1      | Reached XP level 2. HP: 21/27 MP: 2/2
   984 | D:2      | Reached XP level 3. HP: 34/34 MP: 3/3
  1073 | D:2      | Reached skill level 5 in Fighting
  1130 | D:2      | Found a glowing golden altar of the Shining One.
  1274 | D:2      | Reached XP level 4. HP: 7/42 MP: 4/4
  1846 | D:2      | Found a white marble altar of Elyvilon.
  1846 | D:2      | Found a stormy altar of Qazlal.
  1879 | D:3      | Upgraded the game from 0.18-b1-16-g289874d to 0.18-b1-18-g7758cf2
  2139 | D:3      | Noticed barb4r1an's ghost (amateur GrFi)
  2377 | D:3      | Noticed an eye of draining
  2380 | D:3      | Noticed an eye of draining
  2403 | D:3      | Killed an eye of draining
  2403 | D:3      | Reached XP level 5. HP: 41/52 MP: 0/5
  2415 | D:3      | Killed an eye of draining
  2415 | D:3      | Reached XP level 6. HP: 50/60 MP: 1/6
  2418 | D:3      | Found a bloodstained altar of Trog.
  3490 | D:4      | Found a glowing drain.
  3506 | Sewer    | Entered a sewer
  4425 | D:4      | Your scales start taking on a lurid green colour.
  4425 | D:4      | Reached XP level 7. HP: 34/69 MP: 7/7
  4425 | D:4      | Gained mutation: Your system is resistant to poisons. [Green Draconian growth]
  4868 | D:4      | Reached skill level 10 in Fighting
  5103 | D:5      | Entered Level 5 of the Dungeon
  5118 | D:5      | Reached skill level 3 in Dodging
  5143 | D:5      | Found a shadowy altar of Dithmenos.
  5290 | D:5      | Became a worshipper of Dithmenos the Shadowed
  5446 | D:5      | Found a staircase to the Ecumenical Temple.
  5781 | D:5      | Reached skill level 4 in Dodging
  5781 | D:5      | Reached XP level 8. HP: 59/79 MP: 8/8
  6021 | D:6      | Got a smoking whip
  6022 | D:6      | Identified the +9 whip of Annihilation {venom, Fragile +Inv rElec Str+8} (You found it on level 6 of the Dungeon)
  6097 | D:6      | Reached skill level 5 in Dodging
  6126 | D:6      | Reached * piety under Dithmenos
  6188 | D:6      | Reached skill level 6 in Dodging
  6391 | D:6      | Noticed a hill giant
  6393 | D:6      | Reached skill level 7 in Dodging
  6411 | D:6      | Killed a hill giant
  6411 | D:6      | Reached skill level 8 in Dodging
  6411 | D:6      | Reached XP level 9. HP: 51/85 MP: 9/9
  6770 | D:7      | Noticed Dowan
  6771 | D:7      | Noticed Duvessa
  6785 | D:7      | Reached skill level 9 in Dodging
  6793 | D:7      | Killed Dowan
  6805 | D:7      | Killed Duvessa
  6898 | D:7      | Reached ** piety under Dithmenos
  7251 | D:8      | Reached skill level 10 in Dodging
  7520 | D:8      | Reached XP level 10. HP: 82/93 MP: 10/10
  7538 | D:8      | Reached skill level 11 in Dodging
  8006 | D:9      | Noticed a griffon
  8015 | D:9      | Killed a griffon
  8015 | D:9      | Reached skill level 12 in Dodging
  8240 | D:9      | Reached *** piety under Dithmenos
  8337 | D:9      | Found an ancient bone altar of Kikubaaqudgha.
  8339 | D:9      | Found a shadowy altar of Dithmenos.
  8566 | D:9      | Found a sparkling altar of Nemelex Xobeh.
  8718 | D:9      | Found a sacrificial altar of Ru.
  8770 | D:10     | Entered Level 10 of the Dungeon
  8821 | D:10     | Got an ancient arbalest
  9525 | D:11     | Noticed a cyclops
  9538 | D:11     | Killed a cyclops
  9538 | D:11     | Reached skill level 13 in Dodging
  9606 | D:11     | Noticed Psyche
  9620 | D:11     | Reached XP level 11. HP: 69/99 MP: 11/11
  9641 | D:11     | Found a staircase to the Orcish Mines.
  9656 | D:11     | Killed Psyche
  9917 | D:11     | Noticed Gastronok
  9944 | D:11     | Noticed a cyan ugly thing
  9955 | D:11     | Killed a cyan ugly thing
 10334 | D:11     | Found a staircase to the Lair.
 10335 | D:11     | Noticed a green ugly thing
 10359 | D:11     | Reached skill level 14 in Dodging
 10363 | D:11     | Noticed Urug
 10365 | D:11     | Noticed an orc knight
 10387 | D:11     | Reached **** piety under Dithmenos
 10402 | D:11     | Killed a green ugly thing
 10404 | D:11     | Slain by a porcupine

Skill      XL: |  1  2  3  4  5  6  7  8  9 10 11 |
---------------+----------------------------------+-----
Fighting       | 4 5 7 8 10 | 10.1
Dodging        | 4 8 10 13 14 | 14.3
Long Blades    | |  2.0
Shields        | |  3.0

Action                   |  1- 3 |  4- 6 |  7- 9 | 10-12 || total
-------------------------+-------+-------+-------+-------++-------
Melee: Long sword        |   144 |   274 |   163 |       ||   581
       Tailslap          |    16 |    32 |    70 |    63 ||   181
       Whip              |       |       |   183 |   302 ||   485
 Abil: Breathe Noxious F |       |       |     8 |    10 ||    18
  Use: Scroll            |       |     4 |       |     4 ||     8
       Potion            |       |       |       |     1 ||     1
 Stab: Sleeping          |       |     2 |     1 |     1 ||     4
       Confused          |       |       |     4 |     3 ||     7
  Eat: Chunk             |     1 |    11 |    13 |    10 ||    35
Armor: Skin              |    54 |    97 |    77 |    31 ||   259
Dodge: Dodged            |    99 |   123 |   197 |   156 ||   575
Block: Shield            |    82 |   191 |   238 |   166 ||   677
